Map: Post-Youth LE

Players

AtleticoMAD

  • Race: Protoss Protoss
  • League: Master
  • Spawn Location: 7:00

BroodWar - Winner!

  • Race: Protoss Protoss
  • League: Master
  • Spawn Location: 1:00

VOD

Have the link to the VOD?

Description

Time

  • Played on: June 19, 2024, 5:33 a.m.
  • Length: 13:58
Show
View Real Time Build Order
Export as new Build Order

AtleticoMAD Protoss 

Build Orders: Phoenix Opening 

Get SALT Encoding   

  12  0:00  Probe  
  13  0:13  Probe  
  14  0:19  Pylon  
  14  0:25  Probe  
  15  0:38  Gateway  
  15  0:40  Probe (Chrono Boost)  
  16  0:46  Assimilator  
  17  0:50  Probe (Chrono Boost)  
  17  0:55  Probe  
  17  1:03  Gateway  
  18  1:07  Probe  
  19  1:12  Assimilator  
  19  1:20  Probe  
  20  1:26  Cybernetics Core  
  20  1:32  Probe  
  21  1:36  Pylon  
  21  1:44  Probe  
  22  1:56  Probe  
  23  2:02  Stalker x2  
  23  2:03  Warp Gate  
  27  2:28  Stargate  
  27  2:41  Nexus  
  27  2:50  Shield Battery  
  27  2:56  Pylon  
  27  2:57  Probe (Chrono Boost)  
  28  3:09  Probe (Chrono Boost)  
  29  3:13  Phoenix (Chrono Boost)  
  29  3:19  Probe (Chrono Boost)  
  27  3:30  Probe  
  27  3:41  Phoenix (Chrono Boost)  
  27  3:42  Probe  
  28  3:55  Probe  
  30  3:58  Probe  
  30  4:04  Phoenix (Chrono Boost)  
  30  4:07  Probe  
  33  4:10  Probe  
  34  4:19  Probe  
  34  4:22  Probe  
  36  4:24  Phoenix  
  36  4:31  Probe  
  39  4:34  Probe  
  40  4:44  Twilight Council  
  40  4:49  Phoenix  
  42  4:56  Zealot  
  42  4:57  Probe (Chrono Boost)  
  42  4:59  Probe (Chrono Boost)  
  46  5:07  Probe (Chrono Boost)  
  46  5:09  Probe (Chrono Boost)  
  46  5:12  Probe (Chrono Boost)  
  47  5:14  Phoenix  
  47  5:17  Charge (Chrono Boost)  
  47  5:19  Probe  
  50  5:22  Gateway  
  50  5:28  Gateway  
  50  5:39  Phoenix (Chrono Boost)  
  50  5:40  Pylon  
  52  5:48  Probe  
  53  5:52  Gateway  
  53  5:56  Gateway  
  53  6:02  Pylon, Phoenix (Chrono Boost)  
  55  6:05  Zealot  
  55  6:06  Zealot  
  59  6:20  Pylon  
  59  6:21  Gateway  
  59  6:24  Zealot  
  59  6:25  Zealot  
  63  6:27  Zealot  
  63  6:31  Zealot  
  67  6:33  Phoenix (Chrono Boost)  
  69  6:46  Zealot x2  
  73  6:53  Zealot, Protoss Air Weapons Level 1 (Chrono Boost)  
  73  6:54  Zealot  
  77  6:57  Pylon  
  77  7:03  Robotics Facility  
  77  7:14  Nexus  
  75  7:33  Phoenix  
  75  7:35  Probe  
  72  7:37  Zealot x3  
  72  7:44  Pylon  
  78  7:47  Pylon  
  78  7:50  Assimilator  
  78  8:02  Probe  
  78  8:04  Zealot x3  
  78  8:05  Zealot x3  
  89  8:09  Observer, Shield Battery  
  89  8:11  Phoenix (Chrono Boost)  
  94  8:20  Forge  
  94  8:25  Pylon  
  96  8:28  Probe (Chrono Boost)  
  96  8:30  Probe x2 (Chrono Boost)  
  97  8:36  Assimilator  
  97  8:37  Assimilator  
  97  8:38  Probe (Chrono Boost), Phoenix  
  97  8:40  Probe (Chrono Boost)  
  101  8:43  Zealot, Probe (Chrono Boost)  
  101  8:46  Probe  
  105  8:51  Protoss Ground Weapons Level 1 (Chrono Boost)  
  105  8:53  Templar Archives  
  105  8:59  Photon Cannon  
  105  9:06  Zealot x2  
  105  9:08  Probe  
  105  9:09  Probe  
  111  9:17  Phoenix  
  113  9:21  Observer (Chrono Boost)  
  113  9:28  Zealot x3  
  113  9:29  Probe  
  114  9:41  Probe  
  114  9:42  Probe  
  116  9:48  Pylon  
  116  9:50  Photon Cannon  
  116  9:58  Nexus  
  116  10:01  Pylon  
  116  10:06  Immortal  
  120  10:11  High Templar  
  120  10:12  High Templar x2  
  124  10:16  Archon  
  124  10:17  High Templar  
  124  10:18  Zealot  
  124  10:19  Zealot, Phoenix  
  118  10:21  Archon  
  102  10:35  Probe (Chrono Boost)  
  99  10:42  Probe x2 (Chrono Boost)  
  95  10:44  Phoenix (Chrono Boost)  
  95  10:46  Zealot, Probe (Chrono Boost)  
  95  10:47  Zealot x2, Stalker, Immortal  
  97  10:50  Probe (Chrono Boost)  
  89  10:59  Zealot  
  89  11:01  Probe x2  
  96  11:09  Zealot x2  
  89  11:14  Zealot  
  82  11:22  Probe (Chrono Boost)  
  78  11:26  High Templar x2  
  78  11:30  Archon  
  78  11:31  High Templar x2  
  80  11:35  Immortal  
  80  11:39  Archon  
  80  11:41  Phoenix  
  78  11:48  Zealot  
  78  11:53  Zealot  
  80  11:57  Probe x3 (Chrono Boost)  
  80  11:58  Probe (Chrono Boost)  
  82  12:06  High Templar x2  
  82  12:07  Zealot  
  89  12:09  Probe (Chrono Boost), Phoenix (Chrono Boost)  
  89  12:10  Archon  
  89  12:14  Probe x2  
  93  12:18  Probe  
  93  12:21  Probe  
  95  12:24  Zealot  
  95  12:26  Probe x2  
  99  12:30  Probe  
  99  12:32  Phoenix (Chrono Boost)  
  99  12:33  Zealot  
  99  12:34  Zealot  
  102  12:41  Photon Cannon  
  102  12:45  Immortal (Chrono Boost)  
  106  12:55  High Templar  
  106  12:56  High Templar, Zealot x3  
  112  13:00  Archon  
  112  13:02  Zealot, Probe  
  112  13:03  Probe  
  112  13:04  Probe x2  
  118  13:08  Phoenix  
  114  13:22  Zealot x2  
  114  13:23  Zealot x2  
  118  13:33  Phoenix  
  104  13:42  Zealot x2  
  94  13:53  Zealot x3  
Show
View Real Time Build Order
Export as new Build Order

BroodWar Protoss - Winner!

Build Orders:  

Get SALT Encoding   

  12  0:00  Probe  
  13  0:12  Probe  
  14  0:18  Pylon  
  14  0:24  Probe  
  15  0:36  Probe (Chrono Boost)  
  15  0:37  Gateway  
  16  0:43  Assimilator  
  16  0:49  Probe (Chrono Boost)  
  17  0:55  Probe (Chrono Boost)  
  18  1:03  Probe  
  19  1:13  Gateway  
  19  1:15  Probe  
  20  1:25  Cybernetics Core  
  20  1:27  Probe  
  20  1:32  Pylon  
  21  1:40  Assimilator  
  21  1:41  Probe  
  22  2:01  Adept (Chrono Boost)  
  22  2:03  Adept (Chrono Boost)  
  26  2:19  Nexus  
  26  2:24  Adept  
  28  2:31  Adept  
  29  2:43  Probe  
  30  2:48  Twilight Council  
  30  2:55  Probe  
  31  3:07  Gateway  
  31  3:11  Assimilator  
  31  3:16  Probe  
  28  3:20  Stalker  
  30  3:28  Probe  
  30  3:31  Stalker  
  30  3:32  Probe  
  34  3:40  Probe  
  31  3:48  Probe  
  31  3:51  Pylon  
  31  3:54  Stalker  
  34  3:57  Probe  
  35  4:04  Pylon  
  35  4:07  Blink (Chrono Boost)  
  35  4:11  Stalker  
  35  4:15  Probe  
  37  4:17  Probe  
  38  4:25  Stalker  
  38  4:28  Probe  
  38  4:29  Probe  
  42  4:33  Stalker  
  44  4:40  Probe (Chrono Boost)  
  44  4:41  Probe (Chrono Boost)  
  45  4:51  Probe (Chrono Boost)  
  45  4:52  Probe (Chrono Boost)  
  45  4:56  Probe (Chrono Boost)  
  46  5:02  Stalker  
  46  5:06  Nexus, Probe  
  46  5:07  Probe  
  50  5:12  Pylon  
  49  5:15  Stalker  
  49  5:19  Probe x2  
  53  5:26  Pylon  
  53  5:32  Gateway  
  53  5:38  Gateway  
  53  5:40  Probe x2  
  53  5:41  Charge (Chrono Boost)  
  55  5:47  Stalker  
  55  5:49  Stalker  
  58  5:52  Probe  
  58  5:53  Probe  
  60  5:58  Stalker  
  60  6:02  Pylon  
  62  6:04  Probe  
  62  6:11  Pylon  
  63  6:13  Probe  
  63  6:16  Probe  
  63  6:17  Stalker  
  67  6:20  Zealot  
  67  6:23  Probe  
  67  6:25  Probe, Pylon  
  71  6:28  Stalker  
  73  6:32  Shield Battery  
  73  6:35  Stalker  
  75  6:42  Robotics Facility  
  75  6:43  Probe  
  75  6:44  Probe  
  79  6:49  Zealot (Chrono Boost)  
  79  6:50  Stalker (Chrono Boost)  
  79  6:51  Probe  
  81  6:56  Probe  
  82  7:03  Probe  
  82  7:04  Zealot (Chrono Boost)  
  82  7:07  Pylon  
  88  7:08  Zealot x2 (Chrono Boost)  
  88  7:10  Probe  
  88  7:13  Stalker (Chrono Boost)  
  91  7:18  Probe  
  91  7:19  Stalker (Chrono Boost)  
  92  7:24  Stalker  
  92  7:25  Pylon  
  92  7:28  Stalker x2  
  91  7:36  Stalker  
  89  7:41  Forge  
  89  7:43  Shield Battery  
  89  7:44  Shield Battery  
  89  7:46  Stalker  
  89  7:48  Probe (Chrono Boost)  
  89  7:49  Probe (Chrono Boost)  
  86  7:54  Zealot  
  86  7:56  Probe (Chrono Boost)  
  88  7:58  Zealot, Stalker  
  88  8:00  Probe x2 (Chrono Boost)  
  88  8:05  Probe x3 (Chrono Boost)  
  94  8:07  Stalker  
  98  8:14  Probe  
  98  8:15  Probe  
  98  8:16  Photon Cannon  
  98  8:17  Probe  
  98  8:18  Protoss Ground Weapons Level 1  
  101  8:25  Assimilator  
  101  8:26  Probe  
  102  8:27  Zealot, Probe  
  102  8:28  Observer  
  102  8:29  Zealot  
  108  8:40  Nexus  
  108  8:44  Pylon  
  108  8:46  Stalker (Chrono Boost)  
  110  8:49  Zealot (Chrono Boost)  
  110  8:52  Probe x2, Stalker (Chrono Boost)  
  116  8:58  Probe  
  119  9:04  Probe  
  119  9:05  Probe  
  119  9:06  Stalker (Chrono Boost)  
  121  9:12  Stalker  
  121  9:13  Probe, Pylon x2  
  121  9:15  Pylon  
  124  9:22  Stalker (Chrono Boost)  
  124  9:28  Stalker (Chrono Boost)  
  124  9:31  Stalker (Chrono Boost)  
  126  9:32  Stalker (Chrono Boost)  
  126  9:33  Pylon  
  126  9:38  Nexus  
  128  9:49  Zealot (Chrono Boost)  
  128  9:50  Gateway  
  128  9:51  Gateway  
  130  9:53  Stalker (Chrono Boost)  
  130  9:54  Stalker (Chrono Boost)  
  130  9:55  Probe  
  130  9:56  Stalker (Chrono Boost)  
  130  9:59  Gateway  
  135  10:00  Probe x2  
  135  10:06  Shield Battery  
  131  10:07  Probe  
  131  10:08  Shield Battery  
  131  10:12  Probe  
  128  10:17  Stalker  
  128  10:19  Stalker  
  124  10:24  Stalker  
  106  10:34  Zealot, Stalker  
  101  10:36  Probe x2  
  101  10:37  Probe  
  104  10:47  Zealot, Stalker  
  104  10:48  Probe x2  
  104  10:49  Probe  
  103  10:54  Stalker  
  103  10:56  Stalker  
  103  10:58  Probe  
  103  11:00  Probe x2  
  103  11:01  Probe  
  103  11:04  Stalker x2  
  109  11:10  Probe  
  110  11:12  Probe, Stalker  
  110  11:13  Probe  
  110  11:14  Stalker  
  110  11:15  Stalker  
  110  11:18  Stalker  
  106  11:32  Stalker x2  
  106  11:34  Zealot  
  108  11:42  Nexus  
  104  11:47  Zealot x2, Stalker x2  
  104  11:53  Zealot  
  110  11:59  Gateway  
  110  12:01  Zealot, Gateway  
  112  12:02  Zealot, Stalker  
  112  12:05  Gateway  
  116  12:15  Shield Battery, Gateway  
  116  12:17  Stalker (Chrono Boost)  
  116  12:18  Gateway  
  116  12:20  Zealot (Chrono Boost), Pylon  
  120  12:32  Stalker (Chrono Boost)  
  120  12:34  Zealot (Chrono Boost)  
  120  12:35  Stalker x2 (Chrono Boost)  
  128  12:44  Stalker x2 (Chrono Boost)  
  128  12:45  Stalker (Chrono Boost)  
  128  12:49  Zealot (Chrono Boost)  
  132  12:52  Zealot (Chrono Boost)  
  132  12:53  Zealot  
  132  12:57  Zealot, Probe, Stalker  
  132  12:58  Probe x3  
  144  13:06  Stalker x2  
  144  13:07  Stalker  
  144  13:08  Probe  
  144  13:09  Probe  
  144  13:10  Probe x3  
  155  13:19  Zealot x3, Stalker x2  
  155  13:20  Probe  
  155  13:21  Probe  
  155  13:23  Zealot x2  
  153  13:28  Zealot x2  
  153  13:29  Zealot  
Tags
 
Add a new tag
Caveats
  • Supply blocks, unpowered buildings, or Contaminate may cause inaccurate times.
  • Supply counts are checked every 10 seconds.